[Event "FIDE World Cup G12-A 2024"]
[Site "Batumi"]
[Date "2024.06.29"]
[Round "7.2"]
[White "Mirzaliyeva, Leyla"]
[Black "Zavivaeva, Kristina"]
[Result "0-1"]
[ECO "C71"]
[WhiteElo "1548"]
[BlackElo "1666"]
[Annotator "NA RC"]
[PlyCount "116"]
[EventDate "2024.06.23"]
[EventType "swiss"]
[EventCountry "GEO"]
[SourceTitle "playchess.com"]
[Source "ChessBase"]
[SourceQuality "1"]
[TimeControl "5400+30"]

1. e4 e5 2. Nf3 Nc6 3. Bb5 a6 4. Ba4 d6 5. d4 Bd7 6. Nc3 Nf6 7. Bg5 b5 8. dxe5 dxe5 9. Bb3 Be7 10. O-O O-O 11. Bxf6 Bxf6 12. Nd5 Bg4 13. c3 Na5 14. Qe2 Nxb3 15. axb3 c6 16. Nb4 Qb6 17. Qe3 Qb7 18. Nd3 Qc7 19. Nc5 a5 20. h3 Bh5 21. g4 Bg6 22. Rfd1 Rfd8 23. h4 Be7 24. b4 Bxc5 25. bxc5 f6 26. g5 Qe7 27. Kh2 fxg5 28. Nxg5 h6 29. Nf3 Bh5 30. Rxd8+ Rxd8 31. Rxa5 Rf8 32. Ng1 Qxh4+ 33. Kg2 Rf4 34. Ra8+ Kh7 35. f3 Bxf3+ 36. Nxf3 Rg4+ 37. Kf1 Qh1+ 38. Ng1 Qg2+ 39. Ke1 Rxe4 40. Qxe4+ Qxe4+ 41. Ne2 h5 42. Kf2 h4 43. Rf8 h3 44. Rf3 Qh4+ 45. Ng3 e4 46. Rf5 h2 47. Kg2 Qxg3+ 48. Kxg3 h1=Q 49. Kf2 Qh2+ 50. Ke3 Qxb2 51. Kxe4 Qxc3 52. Rh5+ Kg8 53. Rf5 b4 54. Kf4 b3 55. Kg5 Qg3+ 56. Kh5 g6+ 57. Kh6 gxf5 58. Kh5 b2 0-1

[Event "FIDE World Cup G12-A 2024"]
[Site "Batumi"]
[Date "2024.06.29"]
[Round "7.3"]
[White "Kaminska, Zuzanna"]
[Black "Wu, Yiting"]
[Result "1-0"]
[ECO "B11"]
[WhiteElo "1848"]
[BlackElo "1758"]
[Annotator "NA RC"]
[PlyCount "77"]
[EventDate "2024.06.23"]
[EventType "swiss"]
[EventCountry "GEO"]
[SourceTitle "playchess.com"]
[Source "ChessBase"]
[SourceQuality "1"]
[TimeControl "5400+30"]

1. e4 c6 2. Nc3 d5 3. Nf3 Bg4 4. h3 Bxf3 5. Qxf3 e6 6. d4 Nf6 7. Bd3 dxe4 8. Nxe4 Nbd7 9. c3 Nxe4 10. Bxe4 Nf6 11. Bc2 Be7 12. O-O O-O 13. Qd3 h6 14. Bd2 c5 15. Be3 Rc8 16. Rae1 c4 17. Qe2 Qd5 18. Bf4 Rfd8 19. Be5 Nd7 20. Qg4 Bf6 21. f4 Bxe5 22. fxe5 Nf8 23. h4 Qd7 24. Re3 g6 25. h5 g5 26. Rf6 Kg7 27. Rg3 Qe7 28. Qe4 Rc7 29. Qe3 Nh7 30. Rgf3 Qe8 31. Qe4 Nf8 32. Rg3 Qe7 33. b3 b5 34. Kh2 a6 35. b4 Qe8 36. Qe3 Nh7 37. Bxh7 Kxh7 38. Rxh6+ Kxh6 39. Qxg5+ 1-0

[Event "FIDE World Cup G12-A 2024"]
[Site "Batumi"]
[Date "2024.06.29"]
[Round "7.4"]
[White "Mamakova, Aknur"]
[Black "Qiu, Laurie"]
[Result "0-1"]
[ECO "D35"]
[WhiteElo "1648"]
[BlackElo "2068"]
[Annotator "RC"]
[PlyCount "147"]
[EventDate "2024.06.23"]
[EventType "swiss"]
[EventCountry "GEO"]
[SourceTitle "playchess.com"]
[Source "ChessBase"]
[SourceQuality "1"]
[TimeControl "5400+30"]

1. d4 d5 2. c4 e6 3. Nc3 Nf6 4. Nf3 Bb4 5. cxd5 exd5 6. Bg5 c6 7. e3 h6 8. Bh4 Bf5 9. Bd3 Bxd3 10. Qxd3 Nbd7 11. O-O O-O 12. Rac1 Re8 13. Rfd1 a5 14. a3 Bxc3 15. bxc3 b5 16. Rb1 a4 17. Rb4 Qe7 18. Qd2 Qe6 19. Bxf6 Nxf6 20. Ne5 Ne4 21. Qe1 Rac8 22. Nd3 Qf5 23. Rbb1 h5 24. Rdc1 h4 25. h3 Re6 26. Qe2 Rg6 27. Kh2 Re8 28. Rc2 Qg5 29. Rg1 Rf6 30. Qg4 Qxg4 31. hxg4 Rh6 32. Ne5 f5 33. gxf5 Rf8 34. f3 Ng3 35. Re1 Rxf5 36. Ng4 Re6 37. Ne5 g5 38. Rb2 Rf8 39. Rbb1 Kg7 40. Kh3 Kh6 41. Kg4 Nf5 42. Kh3 Kh5 43. Rbc1 Ne7 44. Rb1 Ng6 45. Nxg6 Kxg6 46. Rb2 Rfe8 47. Rbe2 Kf5 48. Kh2 g4 49. Kg1 h3 50. fxg4+ Kxg4 51. gxh3+ Kxh3 52. Rh2+ Kg3 53. Rg2+ Kf3 54. Rf2+ Ke4 55. Rd2 Rf6 56. Rf2 Rxf2 57. Kxf2 Kd3 58. Rd1+ Kc2 59. Re1 Kb3 60. Ke2 Kc2 61. Rh1 Re6 62. Rg1 Kxc3 63. Rc1+ Kb2 64. Kd2 Kxa3 65. e4 Rxe4 66. Rxc6 Rxd4+ 67. Ke3 Rc4 68. Rd6 d4+ 69. Kd3 Kb3 70. Rb6 b4 71. Rh6 a3 72. Rh1 a2 73. Rg1 Rc3+ 74. Kxd4 0-1

[Event "FIDE World Cup G12-A 2024"]
[Site "Batumi"]
[Date "2024.06.29"]
[Round "7.5"]
[White "Kutateladze, Anastasia"]
[Black "Lu, Xiahan (Luna)"]
[Result "0-1"]
[ECO "C11"]
[WhiteElo "1598"]
[BlackElo "1859"]
[Annotator "NA RC"]
[PlyCount "142"]
[EventDate "2024.06.23"]
[EventType "swiss"]
[EventCountry "GEO"]
[SourceTitle "playchess.com"]
[Source "ChessBase"]
[SourceQuality "1"]
[TimeControl "5400+30"]

1. e4 e6 2. d4 d5 3. Nc3 Nf6 4. e5 Nfd7 5. f4 c5 6. Nf3 Nc6 7. Be3 Be7 8. Qd2 O-O 9. O-O-O c4 10. f5 b5 11. f6 gxf6 12. Bh6 fxe5 13. Qe1 Kh8 14. Bxf8 Bxf8 15. dxe5 b4 16. Nxd5 exd5 17. Rxd5 c3 18. Bd3 Bh6+ 19. Kb1 Qe7 20. Qe4 f5 21. Qe2 Bg7 22. Bb5 Bb7 23. Rhd1 Nb6 24. Bxc6 Bxc6 25. Rd6 Rc8 26. Qd3 Be4 27. Rd8+ Bf8 28. Qd6 Rxd8 29. Qxd8 Qg7 30. Ng5 Kg8 31. e6 cxb2 32. Nxe4 fxe4 33. Qd4 Qxd4 34. Rxd4 e3 35. Re4 Be7 36. Kxb2 Nd5 37. Kb3 Kg7 38. Kc4 Nc3 39. Rxe3 Nxa2 40. Kd5 Nc3+ 41. Kc6 Kf6 42. Kd7 Nd5 43. Rf3+ Ke5 44. Rh3 Kf6 45. Rh6+ Kg7 46. Rh3 Kf6 47. Rd3 Nb6+ 48. Ke8 Nc4 49. Rd1 Kxe6 50. Re1+ Ne5 51. g4 Bh4 52. Ra1 Nc6 53. Ra6 Kd6 54. Kf7 h6 55. Kg6 Bg5 56. h4 Be3 57. g5 hxg5 58. hxg5 Bd4 59. Kh7 Kc5 60. g6 Kb5 61. Ra2 a5 62. g7 Ne7 63. g8=Q Nxg8 64. Kxg8 a4 65. Kf7 a3 66. Ke6 Kc4 67. Kf5 Bb2 68. Ke4 Kc3 69. Ke3 Kxc2 70. Ke2 b3 71. Rxa3 Bxa3 0-1

[Event "FIDE World Cup G12-A 2024"]
[Site "Batumi"]
[Date "2024.06.29"]
[Round "7.6"]
[White "Sevastsyanchuk, Anastasiya"]
[Black "Xikmatkhonova, Mokhinur"]
[Result "0-1"]
[ECO "B42"]
[WhiteElo "1531"]
[BlackElo "1706"]
[Annotator "NA RC"]
[PlyCount "120"]
[EventDate "2024.06.23"]
[EventType "swiss"]
[EventCountry "GEO"]
[SourceTitle "playchess.com"]
[Source "ChessBase"]
[SourceQuality "1"]
[TimeControl "5400+30"]

1. e4 c5 2. Nf3 e6 3. d4 cxd4 4. Nxd4 a6 5. Bd3 Nf6 6. O-O d6 7. Bg5 Be7 8. b4 d5 9. e5 Nfd7 10. Nxe6 fxe6 11. Qh5+ Kf8 12. f4 Kg8 13. c4 Bxg5 14. fxg5 Nxe5 15. g6 Nxg6 16. Nc3 dxc4 17. Bxg6 hxg6 18. Qxg6 Rh6 19. Qf7+ Kh7 20. Rad1 Qh4 21. h3 Nd7 22. Rf4 Ne5 23. Qf8 Ng6 24. Rxh4 Nxf8 25. Rxc4 Bd7 26. Ne4 Rg6 27. h4 Bc6 28. Ng5+ Kg8 29. Rcd4 Bd5 30. a4 Nh7 31. Nxh7 Kxh7 32. R1d2 Rc8 33. g4 Rc1+ 34. Kh2 Rf6 35. h5 Rh1+ 36. Kg3 Rf3+ 37. Kg2 Rff1+ 38. Kg3 Rfg1+ 39. Kf4 Re1 40. Kg3 Re3+ 41. Kf2 Rf3+ 42. Kg2 Rfh3+ 43. Kf2 R1h2+ 44. Kg1 Rxd2 45. Rxd2 Rg3+ 46. Kh2 Rxg4 47. Rb2 Rg2+ 48. Rxg2 Bxg2 49. Kxg2 Kh6 50. Kg3 Kxh5 51. Kf4 g5+ 52. Ke5 g4 53. Kd6 g3 54. Kc7 b5 55. a5 g2 56. Kb6 g1=Q+ 57. Kxa6 Qf1 58. Kb6 Qc4 59. a6 Qxb4 60. a7 Qe4 0-1

[Event "FIDE World Cup G12-A 2024"]
[Site "Batumi"]
[Date "2024.06.29"]
[Round "7.7"]
[White "Gulishyan, Eseniya"]
[Black "Chichinadze, Anastasia"]
[Result "0-1"]
[ECO "A47"]
[WhiteElo "1434"]
[BlackElo "1724"]
[Annotator "NA RC"]
[PlyCount "120"]
[EventDate "2024.06.23"]
[EventType "swiss"]
[EventCountry "GEO"]
[SourceTitle "playchess.com"]
[Source "ChessBase"]
[SourceQuality "1"]
[TimeControl "5400+30"]

1. Nf3 Nf6 2. d4 e6 3. e3 b6 4. b3 Bb7 5. Bb2 d6 6. Bd3 Nbd7 7. Nbd2 g6 8. O-O Bg7 9. e4 O-O 10. e5 dxe5 11. Nxe5 Nxe5 12. dxe5 Nd5 13. f4 Ne3 14. Qe2 Nxf1 15. Rxf1 Qe7 16. Ne4 Bxe4 17. Bxe4 Rad8 18. g3 Rd7 19. h4 Rfd8 20. Bd3 h5 21. Rf2 Rd5 22. Rh2 Qd7 23. g4 Rxd3 24. Qxd3 Qxd3 25. cxd3 Rxd3 26. g5 Bf8 27. Kf1 Bc5 28. Ke2 Re3+ 29. Kd1 Kf8 30. Bc1 Rg3 31. Ke2 Ke7 32. Bd2 a5 33. Rh1 Rg2+ 34. Kd3 Kd7 35. Rc1 Rh2 36. Bxa5 Ba3 37. Rd1 bxa5 38. Ke4+ Ke7 39. Rd4 Rxh4 40. Rc4 c5 41. Ra4 Bb4 42. a3 Bd2 43. Kf3 Rxf4+ 44. Rxf4 Bxf4 45. Kxf4 Kd7 46. a4 Kc6 47. Ke4 h4 48. Kf3 Kd5 49. Kg4 Kxe5 50. Kxh4 Kf4 51. Kh3 Kxg5 52. Kg3 f5 53. Kf3 e5 54. Ke3 f4+ 55. Kf3 Kf5 56. Ke2 Ke4 57. Kd2 f3 58. Kc3 f2 59. b4 cxb4+ 60. Kc4 f1=Q+ 0-1

[Event "FIDE World Cup G12-A 2024"]
[Site "Batumi"]
[Date "2024.06.29"]
[Round "7.8"]
[White "Diaskyzy, Daliya"]
[Black "Kedelidze, Aneta"]
[Result "1/2-1/2"]
[ECO "C89"]
[WhiteElo "1793"]
[BlackElo "1544"]
[Annotator "NA RC"]
[PlyCount "107"]
[EventDate "2024.06.23"]
[EventType "swiss"]
[EventCountry "GEO"]
[SourceTitle "playchess.com"]
[Source "ChessBase"]
[SourceQuality "1"]
[TimeControl "5400+30"]

1. e4 e5 2. Nf3 Nc6 3. Bb5 a6 4. Ba4 Nf6 5. O-O Be7 6. Re1 b5 7. Bb3 O-O 8. c3 d5 9. exd5 Nxd5 10. d4 exd4 11. Nxd4 Nxd4 12. Qxd4 c6 13. Bxd5 cxd5 14. Rd1 Bb7 15. Bf4 Rc8 16. Nd2 Bc5 17. Qd3 Qb6 18. Qg3 Rc6 19. b4 Bd6 20. Bxd6 Rxd6 21. Nf3 Rg6 22. Qf4 Rc8 23. Rac1 h6 24. Rd4 Rf6 25. Qg4 Rg6 26. Qf4 Qe6 27. Ne5 Rf6 28. Qg3 Re8 29. f4 Qf5 30. Qf3 h5 31. a4 Rfe6 32. Qf1 Rb6 33. axb5 axb5 34. Nd3 Re4 35. Nc5 Re8 36. Nxb7 Rxb7 37. Rcd1 Rd8 38. Qf3 Rbd7 39. h3 g6 40. g4 hxg4 41. hxg4 Qc2 42. R1d2 Qc1+ 43. Kg2 Kg7 44. f5 Rh8 45. Rd1 Qg5 46. fxg6 Qxg6 47. Rxd5 Rxd5 48. Rxd5 Qc2+ 49. Kg1 Qc1+ 50. Rd1 Qc2 51. Rd5 Qc1+ 52. Rd1 Qc2 53. Rd5 Qc1+ 54. Rd1 1/2-1/2

[Event "FIDE World Cup G12-A 2024"]
[Site "Batumi"]
[Date "2024.06.29"]
[Round "7.9"]
[White "Muradova, Nebahat"]
[Black "Giorgadze, Mariam"]
[Result "1/2-1/2"]
[ECO "D24"]
[WhiteElo "1626"]
[BlackElo "1533"]
[Annotator "NA RC"]
[PlyCount "131"]
[EventDate "2024.06.23"]
[EventType "swiss"]
[EventCountry "GEO"]
[SourceTitle "playchess.com"]
[Source "ChessBase"]
[SourceQuality "1"]
[TimeControl "5400+30"]

1. d4 Nf6 2. c4 e6 3. Nf3 d5 4. Nc3 a6 5. Bg5 dxc4 6. e4 b5 7. e5 h6 8. exf6 hxg5 9. Nxg5 Qxf6 10. Nge4 Qd8 11. a4 Bb7 12. axb5 axb5 13. Rxa8 Bxa8 14. Ng3 c6 15. Be2 Be7 16. Bf3 O-O 17. O-O Nd7 18. Be4 Nf6 19. Bb1 Qb6 20. Nge4 g6 21. h4 Nxe4 22. Nxe4 Bxh4 23. Qg4 Qd8 24. g3 Bf6 25. Rd1 Bg7 26. Ng5 Qf6 27. Qh4 Re8 28. f4 Bb7 29. Qh7+ Kf8 30. Qh3 Qd8 31. Kf1 Bf6 32. Qh6+ Ke7 33. Bxg6 Rh8 34. Bh7 Bxg5 35. fxg5 Qf8 36. Qf6+ Ke8 37. g6 fxg6 38. Bxg6+ Kd7 39. Bf7 Kc7 40. Qf4+ Qd6 41. Qxd6+ Kxd6 42. Kg1 Rf8 43. Bh5 Rg8 44. Kf2 Bc8 45. g4 Bd7 46. Kf3 Be8 47. Bxe8 Rxe8 48. g5 Rg8 49. Kg4 b4 50. Kh5 c3 51. bxc3 bxc3 52. Rc1 e5 53. dxe5+ Kxe5 54. Rxc3 Kd5 55. g6 c5 56. Kh6 Kd4 57. Rf3 c4 58. Kh7 Re8 59. g7 c3 60. Kg6 c2 61. Rf1 Rc8 62. Rc1 Kd3 63. Kh7 Kd2 64. Rxc2+ Kxc2 65. g8=Q Rxg8 66. Kxg8 1/2-1/2

[Event "FIDE World Cup G12-A 2024"]
[Site "Batumi"]
[Date "2024.06.29"]
[Round "7.10"]
[White "Zavivaeva, Angelina"]
[Black "Lipartia, Nino"]
[Result "1/2-1/2"]
[ECO "B56"]
[WhiteElo "1489"]
[BlackElo "1437"]
[Annotator "NA RC"]
[PlyCount "104"]
[EventDate "2024.06.23"]
[EventType "swiss"]
[EventCountry "GEO"]
[SourceTitle "playchess.com"]
[Source "ChessBase"]
[SourceQuality "1"]
[TimeControl "5400+30"]

1. e4 c5 2. Nf3 d6 3. d4 cxd4 4. Nxd4 Nf6 5. Nc3 Nc6 6. f3 e5 7. Nb3 Be6 8. Nd5 Bxd5 9. exd5 Na5 10. Bg5 a6 11. Bxf6 gxf6 12. Qd2 Nxb3 13. axb3 Rc8 14. Bd3 Qb6 15. Bf5 Rc7 16. Qf2 Qb4+ 17. Qd2 Qxd2+ 18. Kxd2 Rg8 19. g4 h5 20. h4 e4 21. Rae1 Bh6+ 22. Kd1 e3 23. Rhg1 Rc5 24. c4 Ra5 25. Kc2 hxg4 26. b4 Ra4 27. Kb3 b5 28. Bxg4 f5 29. Bxf5 Rxg1 30. Rxg1 e2 31. Re1 Rxb4+ 32. Kxb4 Bd2+ 33. Kb3 bxc4+ 34. Kxc4 Bxe1 35. Bd3 Bxh4 36. Bxe2 Bd8 37. Kb4 a5+ 38. Kb5 Kd7 39. Bd3 Bf6 40. b3 Bc3 41. Bf5+ Ke7 42. Kc6 Bb4 43. Bc8 Kf6 44. Bg4 Ke5 45. Bh5 f6 46. Bf7 Kd4 47. Kb5 Ke3 48. Bh5 Kf4 49. Kc4 Kg5 50. Bf7 Kf4 51. Bh5 Ke3 52. Bg4 Kf4 1/2-1/2

[Event "FIDE World Cup G12-A 2024"]
[Site "Batumi"]
[Date "2024.06.29"]
[Round "7.11"]
[White "Wang, April"]
[Black "Ali, Maha"]
[Result "1-0"]
[ECO "D37"]
[WhiteElo "1622"]
[BlackElo "1601"]
[Annotator "NA RC"]
[PlyCount "83"]
[EventDate "2024.06.23"]
[EventType "swiss"]
[EventCountry "GEO"]
[SourceTitle "playchess.com"]
[Source "ChessBase"]
[SourceQuality "1"]
[TimeControl "5400+30"]

1. d4 d5 2. c4 e6 3. Nc3 Nf6 4. Nf3 Be7 5. Bf4 O-O 6. e3 b6 7. Qc2 Bb7 8. cxd5 exd5 9. Bd3 Nbd7 10. a3 Re8 11. Nb5 a6 12. Qxc7 axb5 13. Qxb7 b4 14. a4 b3 15. O-O Ra5 16. Bb5 Qc8 17. Qxc8 Rxc8 18. Rac1 Raa8 19. Ne5 Nxe5 20. Bxe5 Ne4 21. Bc7 Bd8 22. Bxd8 Rxd8 23. Rc6 Rab8 24. Rfc1 Nd6 25. R1c3 Nxb5 26. axb5 Ra8 27. g3 Ra1+ 28. Kg2 Rb1 29. Rxb3 Rb8 30. Rd6 Kf8 31. Rxd5 Ke7 32. e4 g6 33. e5 h6 34. Rd6 Rc1 35. d5 Rc5 36. Kf3 f5 37. Rd3 Kf7 38. Rd7+ Kg8 39. e6 Rxb5 40. e7 Re8 41. Rd8 Kf7 42. d6 1-0